AoeStats
← [Fx、]AirDk

Arena

509952255Analyzed
4v4 RM · 2d ago on Sep 28, 2026· 39m 27s· 8 players
Game mode
Random Map
Map size
Large (8 player)
Population
200
Speed
Normal
Resources
Standard
Victory
Conquest
Starting age
Dark Age
Ending age
Imperial Age
RankedLock teamsTeams togetherTeam positionsShared explorationLock speedFull tech treeHidden civsTurbo modeCheats
Victory
Defeat
🇨🇳 Wei · China
1497
+11
🇨🇳 Japanese · China
1297
+19
🇨🇳 Turks · China
1217
+23
🇨🇳 Huns · China
898
+31
🇭🇰 Khmer · Hong Kong SAR China
1393
-22
🇪🇸 Malians · Spain
1378
-21
🇩🇪 Saxons · Germany
1346
-21
🇨🇭 Persians · Switzerland
1337
-20
WallyGoodberg
6:00 Loom
8:47 Feudal Age
9:36 Double-Bit Axe
19:23 Castle Age
18:04 Fletching
18:53 Horse Collar
20:06 Bodkin Arrow
21:00 Guard Tower
22:44 Masonry
26:04 Bow Saw
27:26 Ballistics
28:20 Murder Holes
31:08 Wheelbarrow
31:05 Heavy Plow
31:58 Gold Mining
36:17 Imperial Age
34:03 Town Watch
35:30 Scale Mail Armor
36:11 Squires
37:07 Chain Mail Armor
38:24 Gold Shaft Mining
38:22 Plate Mail Armor
38:03 Forging
37:33 Pikeman
38:15 Elite Varangian Guard
38:47 Halberdier
wilkerbrice12
10:06 Feudal Age
14:34 Castle Age
12:35 Double-Bit Axe
13:31 Gold Mining
13:31 Stone Mining
15:10 Horse Collar
17:31 Town Watch
21:12 Forging
23:31 Squires
29:46 Scale Mail Armor
30:05 Heavy Plow
31:23 Wheelbarrow
33:05 Gold Shaft Mining
37:10 Iron Casting
37:50 Chain Mail Armor
37:27 Loom
DerPuck
10:53 Feudal Age
11:59 Double-Bit Axe
15:07 Castle Age
12:56 Horse Collar
15:54 Bow Saw
15:49 Gold Mining
17:11 Wheelbarrow
17:59 Scale Barding Armor
20:02 Hand Cart
20:40 Bloodlines
21:34 Heavy Plow
23:48 Chain Barding Armor
27:17 Forging
28:06 Gold Shaft Mining
28:32 Husbandry
28:21 Loom
33:30 Imperial Age
30:54 Town Watch
31:02 Stone Mining
31:39 Husbandry
32:16 Iron Casting
31:32 Fletching
32:38 Light Cavalry
34:13 Bodkin Arrow
34:42 Ballistics
34:33 Masonry
33:49 Cavalier
36:30 Stone Shaft Mining
35:30 Savar
36:48 Plate Barding Armor
37:07 Conscription
38:20 Blast Furnace
虫
11:03 Feudal Age
14:11 Castle Age
12:46 Double-Bit Axe
12:42 Horse Collar
15:44 Bow Saw
18:52 Heavy Plow
24:11 Wheelbarrow
23:30 Gold Mining
25:18 Gold Shaft Mining
24:34 Stone Mining
25:10 Hand Cart
29:23 Imperial Age
29:30 Stone Shaft Mining
30:48 Conscription
30:30 Tusk Swords
31:01 Husbandry
31:12 Bloodlines
31:09 Loom
31:10 Town Watch
32:04 Scale Barding Armor
32:10 Forging
33:52 Chain Barding Armor
34:07 Iron Casting
35:26 Crop Rotation
35:40 Plate Barding Armor
36:06 Blast Furnace
36:18 Fortified Wall
难受的兽
10:29 Feudal Age
14:01 Castle Age
12:29 Double-Bit Axe
13:11 Horse Collar
15:01 Bow Saw
21:16 Scale Mail Armor
21:32 Squires
22:37 Chain Mail Armor
25:28 Wheelbarrow
26:42 Forging
27:07 Arson
29:08 Loom
31:28 Heavy Plow
32:23 Gold Mining
35:47 Imperial Age
33:03 Town Watch
32:55 Pikeman
34:44 Gold Shaft Mining
34:15 Fletching
35:41 Hand Cart
36:52 Conscription
35:54 Halberdier
37:06 Plate Mail Armor
37:56 Iron Casting
38:04 Parthian Tactics
39:15 Bodkin Arrow
39:20 Padded Archer Armor
[Fx、]AirDk
10:44 Feudal Age
14:12 Castle Age
12:29 Double-Bit Axe
12:41 Horse Collar
19:07 Wheelbarrow
19:05 Bow Saw
28:11 Imperial Age
25:27 Loom
26:23 Hand Cart
26:16 Heavy Plow
26:17 Gold Mining
27:08 Scale Barding Armor
27:14 Forging
26:56 Stone Mining
28:56 Husbandry
29:06 Bloodlines
29:29 Chain Barding Armor
28:54 Heavy Hei Guang Cavalry
30:59 Ming Guang Armor
30:55 Conscription
31:16 Tuntian
31:55 Iron Casting
32:46 Gold Shaft Mining
32:47 Stone Shaft Mining
31:53 Treadmill Crane
33:14 Chemistry
32:35 Ballistics
32:11 Murder Holes
32:26 Masonry
32:55 Caravan
33:56 Blast Furnace
33:30 Crop Rotation
33:26 Fletching
34:44 Fortified Wall
34:50 Fervor
35:25 Capped Ram
36:19 Siege Ram
38:54 Bodkin Arrow
40:02 Bracer
苏苏
11:16 Feudal Age
9:45 Loom
11:46 Feudal Age
13:42 Fletching
19:09 Castle Age
19:48 Bodkin Arrow
26:32 Ballistics
卢本伟
10:14 Feudal Age
14:31 Castle Age
13:16 Horse Collar
13:23 Double-Bit Axe
15:18 Heavy Plow
23:16 Wheelbarrow
25:08 Hand Cart
29:34 Imperial Age
27:06 Gold Mining
28:02 Marauders
28:05 Husbandry
28:15 Bloodlines
28:44 Gold Shaft Mining
28:54 Bow Saw
28:58 Forging
28:54 Scale Barding Armor
29:43 Elite Tarkan
30:43 Conscription
31:13 Chain Barding Armor
31:28 Iron Casting
32:13 Two-Man Saw
31:50 Light Cavalry
33:27 Stone Mining
35:00 Plate Barding Armor
35:26 Blast Furnace
Connection lost

Rejoining the realm…

Still unreachable

The connection could not be restored.

Session expired

The server has moved on; the page needs a fresh start.